cohdb
Replays
Latest Replays
All Replays
Popular Replays
Top Player Replays
Match Explorer
How It Works
Community
CoH3 Stats
Reddit
Sign in to upload your games and track your stats! →
Sign in with Steam
Match 42691178
Unlisted
Match 42691178
Overview
Messages
Build Orders
End
Selects Italian Coastal Battlegroup
Selects Coastal Reserves
Construct Infanterie Kompanie
Coastal Reserve
Coastal Reserve
MG 42 Machine Gun Team
Selects Artillery Officer
Artillery Officer
Infanterie Officer Quarters
Medical Bunker
Construct Panzergrenadier Kompanie
MG 42 Machine Gun Team
Selects Support Bunkers
Coastal Reserve
251 Medium Carrier
Pak 40 Anti-tank Gun Team
Coastal Reserve
MG 42 Bunker
Medical Bunker
MG 42 Bunker
Selects Obice da 210/22 Artillery Emplacement
MG 42 Bunker
MG 42 Machine Gun Team
Pak 40 Anti-tank Gun Team
Selects Rapid Fortifications
Selects Bulwark
Rapid Fortifications
MG 42 Bunker
Rapid Fortifications
Anti-tank Bunker
Construct Panzer Kompanie
Rapid Fortifications
Ardy
kenleung
神奇香蕉
Gorlak
moon star-TR
EceH4iK
0
0
Comments
sign in to comment!
No comments posted yet!